 Dungeon Crawl Stone Soup version 0.24-a0-139-geb6712d (webtiles) character file.

Game seed: 1001009875866218051

858 tilp the Ruffian (level 7, -3/66 HPs)
             Began as a Troll Transmuter on Mar 2, 2019.
             Was an Initiate of Gozag.
             Splashed by Pikel's acid (16 damage)
             ... on level 6 of the Dungeon.
             The game lasted 00:16:46 (4245 turns).

tilp the Ruffian (Troll Transmuter)                 Turns: 4245, Time: 00:16:48

Health: -3/66      AC:  3    Str: 19    XL:     7   Next: 71%
Magic:  4/7        EV: 10    Int: 11    God:    Gozag
Gold:   781        SH:  0    Dex: 10    Spells: 2/8 levels left

rFire    + . .     SeeInvis +     - Unarmed
rCold    . . .     Gourm    +   (no shield)
rNeg     . . .     Faith    .   b - +1 robe
rPois    .         Spirit   .   (helmet restricted)
rElec    .         Reflect  .   (no cloak)
rCorr    .         Harm     .   (gloves unavailable)
MR       .....                  (boots unavailable)
Stlth    +.........             r - amulet of magic regeneration
HPRegen  0.61/turn              m - ring of see invisible
MPRegen  0.35/turn              x - ring of protection from fire

@: appendage, corroded, gold aura, very slightly contaminated, invisible
A: large, unfitting armour, claws 3, talons 3, fast metabolism 3, gourmand,
regeneration 1, shaggy fur 1, tough skin 3
a: End Transformation, Potion Petition, Call Merchant, Bribe Branch, Renounce
Religion


You were on level 6 of the Dungeon.
You worshipped Gozag.
Gozag was pleased with you.
You were not hungry.
You had grown temporary talons.
You visited 1 branch of the dungeon, and saw 6 of its levels.
You also visited: Sewer.

You collected 794 gold pieces.
You paid 13 gold pieces to Gozag.

Inventory:

Missiles
 a - 27 arrows
 c - 81 stones (quivered)
 e - 28 poisoned needles
 s - 20 sling bullets
 u - 17 tomahawks
 z - 7 needles of sleeping
Armour
 b - a +1 robe (worn)
Jewellery
 m - a ring of see invisible (left claw)
 r - an amulet of magic regeneration (around neck)
 x - a ring of protection from fire (right claw)
 E - a +2 ring of intelligence {unknown}
Wands
 w - a wand of disintegration (8)
 C - a wand of digging (7)
 F - a wand of polymorph (10)
Scrolls
 g - 3 scrolls of teleportation
 k - 4 scrolls of remove curse
 l - 2 scrolls of blinking
 y - a scroll of fog {unknown}
 B - a scroll of fear
 D - a scroll of immolation {unknown}
Potions
 f - a potion of invisibility
 h - 5 potions of might
 i - a potion of flight {unknown}
 j - a potion of lignification {unknown}
 n - a potion of ambrosia {unknown}
 o - a potion of brilliance {unknown}
 p - 4 potions of heal wounds
 q - 2 potions of curing {unknown}
 t - 2 potions of haste
 v - 3 potions of magic {unknown}
 A - a potion of mutation {unknown}
Comestibles
 d - 7 rations


   Skills:
 + Level 2.7 Fighting
 - Level 1.5 Dodging
 - Level 6.1 Unarmed Combat
 - Level 1.2 Spellcasting
 - Level 4.0 Transmutations
 - Level 2.1 Poison Magic


You had 2 spell levels left.
You knew the following spells:

 Your Spells              Type           Power        Failure   Level  Hunger
a - Beastly Appendage     Tmut           #.....       6%          1    ##.....
b - Sticks to Snakes      Tmut           #.......     9%          2    ###....
c - Spider Form           Tmut/Pois      #.........   26%         3    ####...

Your spell library contained the following spells:

 Spells                   Type           Power        Failure   Level  Hunger
 Ice Form                 Ice/Tmut       #.......     80%         4    #####..
 Blade Hands              Tmut           #.........   86%         5    ######.


Dungeon Overview and Level Annotations

Branches:
Dungeon (6/15)             Temple (0/1) D:4

Altars:
Gozag

Annotations:
D:6 Pikel


Innate Abilities, Weirdness & Mutations

You are too large for most types of armour.
You have claws for hands.
Your metabolism is lightning-fast.
You like to eat raw meat.
Your natural rate of healing is unusually fast.
You are covered in fur. (AC +1)
You have extremely tough skin. (AC +3)
You have claws for feet.


Message History

You scratch Pikel but do no damage. Your kick misses Pikel.
Pikel hits you with a +1 whip of flaming!
You claw Pikel!
Pikel is moderately wounded.
Pikel hits you with a +1 whip of flaming!
* * * LOW HITPOINT WARNING * * *
Pikel burns you.
* * * LOW HITPOINT WARNING * * *
You closely miss Pikel.
Pikel is moderately wounded.
Pikel hits you with a +1 whip of flaming.
* * * LOW HITPOINT WARNING * * *
Pikel hits you but does no damage.
You feel much better.
Pikel zaps a wand.
The bolt of acid misses you.
You fade into invisibility!
Pikel zaps a wand.
The bolt of acid hits you!
* * * LOW HITPOINT WARNING * * *
The acid corrodes you!
You are splashed with acid!
You die...
Your body crumbles into a pile of gold.

##.########
.....pppK.#
##.######@#
#.# #.# #.#
#..#.# #.#
..#.# #.#
#(#.# #.#
#...# #.#
#...# #.#


You could see Pikel and 3 slaves.

Vanquished Creatures
  A slave (D:6)
  A phantom (D:5)
  An ogre (D:4)
  A centaur (D:6)
  A howler monkey (D:5)
  A bullfrog skeleton (D:5)
  3 orc priests
  6 orc wizards
  An iguana (D:5)
  A worker ant (D:5)
  4 gnolls (D:2)
  6 adders
  An adder skeleton (D:4)
  2 worms (D:2)
  2 dart slugs (D:1)
  6 leopard geckos
  25 orcs
  5 bats
  4 giant cockroaches
  4 goblins
  9 hobgoblins
  6 jackals (Sewer)
  12 kobolds
  A quokka (D:5)
  7 ball pythons
  9 frilled lizards
  10 rats
  2 plants (Sewer)
132 creatures vanquished.

Vanquished Creatures (others)
  2 plants (Sewer)
2 creatures vanquished.

Grand Total: 134 creatures vanquished

Notes
Turn   | Place    | Note
-------+----------+-------------------------------------------
     0 | D:1      | tilp the Troll Transmuter began the quest for the Orb.
     0 | D:1      | Reached XP level 1. HP: 18/18 MP: 1/1
   200 | D:1      | Reached XP level 2. HP: 26/26 MP: 2/2
   204 | D:1      | Learned a level 2 spell: Sticks to Snakes
   454 | D:1      | Reached skill level 4 in Unarmed Combat
   614 | D:2      | Found an opulent altar of Gozag.
   659 | D:2      | Became a worshipper of Gozag Ym Sagoz the Greedy
   667 | D:2      | Reached XP level 3. HP: 32/32 MP: 3/3
  1110 | D:2      | Reached skill level 5 in Unarmed Combat
  1110 | D:2      | Reached XP level 4. HP: 37/40 MP: 2/4
  1410 | D:3      | Reached XP level 5. HP: 38/46 MP: 5/5
  1422 | D:3      | Reached skill level 6 in Unarmed Combat
  1541 | D:3      | Learned a level 3 spell: Spider Form
  1918 | D:4      | Noticed an ogre
  1928 | D:4      | Killed an ogre
  1928 | D:4      | Reached XP level 6. HP: 54/54 MP: 4/6
  1956 | D:4      | Found a staircase to the Ecumenical Temple.
  2517 | D:4      | You fall through a shaft for 2 floors!
  2569 | D:5      | Entered Level 5 of the Dungeon
  2636 | D:5      | Found a glowing drain.
  2643 | D:5      | Reached XP level 7. HP: 56/61 MP: 7/7
  2655 | Sewer    | Entered a sewer
  3018 | Sewer    | Reached skill level 1 in Poison Magic
  3490 | D:5      | Reached skill level 1 in Fighting
  4227 | D:6      | Noticed Pikel
  4245 | D:6      | Splashed by Pikel's acid

Levels and vault maps discovered:
D:1:      wheals_arrival_linesprint, layout_basic, hex_tiny,
          minmay_shallow_snake_nest
D:2:      layout_basic, chequers_decorated_corner, grunt_gozag_statues
D:3:      layout_loops_ring
D:4:      layout_basic, minmay_temple_entry_mini_moons, first_ration
D:5:      layout_basic, portal_sewer_entry_f
D:6:      layout_basic, uniq_pikel
Sewer:    sewer_co_scattered_pipes

Skill      XL: |  1  2  3  4  5  6  7 |
---------------+----------------------+-----
Unarmed Combat | 4 5 6 |  6.1
Transmutations | 2 4 |  4.0
Poison Magic   | 2 |  2.1
Fighting       | 2 |  2.7
Dodging        | |  1.5
Spellcasting   | |  1.2

Action                   |  1- 3 |  4- 6 |  7- 9 || total
-------------------------+-------+-------+-------++-------
Melee: Unarmed           |   104 |   130 |   177 ||   411
       Headbutt          |       |     2 |     3 ||     5
       Punch             |       |     2 |     5 ||     7
 Cast: Beastly Appendage |     2 |     3 |     4 ||     9
       Sticks to Snakes  |       |       |     2 ||     2
  Use: Scroll            |       |    11 |       ||    11
       Potion            |       |       |     2 ||     2
 Stab: Sleeping          |     2 |       |       ||     2
       Distracted        |       |     1 |       ||     1
  Eat: Chunk             |    11 |       |       ||    11
       Ration            |       |     3 |     5 ||     8
Armor: Robe              |    38 |    28 |    49 ||   115
Dodge: Dodged            |    53 |    44 |    46 ||   143

Table legend:
 A = Non-vault XP
 B = Vault XP
 C = Vault XP percentage of total XP
 D = Non-vault monster count
 E = Vault monster count
 F = Vault count percentage of total count
                 A         B        C        D         E       F
            +---------+---------+-------+---------+---------+-------
      Total |    1155 |      72 |   5.9 |      98 |      31 |  24.0
            +---------+---------+-------+---------+---------+-------
        D:1 |      35 |       2 |   5.4 |      19 |       2 |   9.5
        D:2 |     117 |       0 |   0.0 |      21 |       0 |   0.0
        D:3 |     176 |       0 |   0.0 |      26 |       0 |   0.0
        D:4 |     329 |       0 |   0.0 |      16 |       0 |   0.0
        D:5 |     392 |      11 |   2.7 |      15 |       4 |  21.1
        D:6 |     106 |       0 |   0.0 |       1 |       0 |   0.0
      Sewer |       0 |      59 | 100.0 |       0 |      25 | 100.0
            +---------+---------+-------+---------+---------+-------
